 Dungeon Crawl Stone Soup version 0.29.1-13-g9f3cf754e1 (webtiles) character file.

Game seed: 7144649831353342132

39 zeram the Caller (level 3, 0/31 HPs)
             Began as a Troll Summoner on Feb 2, 2023.
             Slain by Pargi (3 damage)
             ... on level 3 of the Dungeon.
             The game lasted 00:04:03 (944 turns).

zeram the Caller (Troll Summoner)                    Turns: 944, Time: 00:04:04

Health: 0/31       AC:  5    Str: 16    XL:     3   Next: 28%
Magic:  3/3        EV: 10    Int: 13    God:
Gold:   52         SH:  0    Dex: 10    Spells: 1/4 levels left

rFire   . . .      SeeInvis .   c - +0 whip (flame)
rCold   . . .      Faith    .   (no shield)
rNeg    + . .      Spirit   .   a - +1 robe
rPois   .          Reflect  .   (helmet restricted)
rElec   .          Harm     .   (no cloak)
rCorr   .          Rampage  .   (gloves unavailable)
Will    .....                   (boots unavailable)
Stlth   +.........              (no amulet)
HPRegen 0.90/turn               g - ring of positive energy
MPRegen 0.08/turn               (no ring)

@: mighty
A: large, unfitting armour, claws 3, regeneration 1, shaggy fur 1, tough skin 1
a: no special abilities


You were on level 3 of the Dungeon.
You visited 1 branch of the dungeon, and saw 3 of its levels.

You collected 52 gold pieces.

Inventory:

Hand Weapons
 c - a +0 whip of flaming (weapon)
Armour
 a - a +1 robe (worn)
Jewellery
 g - a ring of positive energy (left claw)
Potions
 b - a potion of magic
 d - 2 potions of curing
 h - a potion of mutation {unknown}


   Skills:
 + Level 0.4 Maces & Flails
 + Level 1.8 Dodging
 - Level 1.1 Stealth
 + Level 1.2 Spellcasting
 * Level 3.6 Summonings


You had one spell level left.
You knew the following spells:

 Your Spells              Type           Power      Damage    Failure   Level
a - Summon Small Mammal   Summ           40%        N/A       6%          1
b - Call Imp              Summ           10%        N/A       10%         2

Your spell library contained the following spells:

 Spells                   Type           Power      Damage    Failure   Level
 Call Canine Familiar     Summ           10%        N/A       19%         3
 Summon Guardian Golem    Hex/Summ       5%         N/A       36%         3
 Summon Lightning Spire   Summ/Air       5%         N/A       78%         4
 Summon Forest            Summ/Tloc      2%         N/A       98%         5
 Summon Mana Viper        Hex/Summ       5%         N/A       98%         5
 Summon Cactus Giant      Summ           5%         N/A       100%        6


Dungeon Overview and Level Annotations

Branches:
Dungeon (3/15)

Altars:

Annotations:
D:2 Jessica
D:3 Pargi


Innate Abilities, Weirdness & Mutations

You are too large for most types of armour.
You have claws for hands.
Your natural rate of healing is unusually fast.
You are covered in fur. (AC +1)
You have tough skin. (AC +1)


Message History

The rat barely misses you. The adder closely misses you. x2
Unknown command.
You aren't carrying any scrolls.
Unknown command.
It was a potion of might.
You feel very mighty all of a sudden. The adder barely misses you.
The rat bites you but does no damage.
The hobgoblin hits you but does no damage.
The frilled lizard completely misses you.
The kobold hits you with a +0 club.
The adder bites you but does no damage. x2
You barely miss Pargi. Pargi bites you. Pargi barely misses you. x2
The hobgoblin closely misses you.
The frilled lizard bites you but does no damage.
The kobold hits you but does no damage. The adder bites you but does no damage.
The rat closely misses you. The worm barely misses you.
The adder closely misses you.
You whack Pargi! You burn Pargi.
Pargi is moderately wounded.
The adder bites you but does no damage. Pargi bites you.
* * * LOW HITPOINT WARNING * * *
Pargi claws you but does no damage. Pargi barely misses you.
The hobgoblin hits you but does no damage.
The frilled lizard bites you but does no damage.
The kobold hits you with a +0 club.
* * * LOW HITPOINT WARNING * * *
The rat closely misses you. The adder bites you.
* * * LOW HITPOINT WARNING * * *
The adder closely misses you. The worm bites you.
* * * LOW HITPOINT WARNING * * *
The hobgoblin barely misses you. The kobold hits you with a +0 club.
* * * LOW HITPOINT WARNING * * *
The frilled lizard closely misses you. Pargi bites you but does no damage.
Pargi barely misses you. x2; The rat closely misses you.
You hit Pargi. You burn Pargi.
Pargi is moderately wounded.
The adder bites you but does no damage. The adder closely misses you.
The adder bites you but does no damage. The rat barely misses you.
The hobgoblin misses you. Pargi bites you but does no damage.
Pargi completely misses you. Pargi claws you.
You die...

##..... ###.......## #
........###..........## #
#.......##............# #
#.......#.............. #
#.......#.............. .
........#.............. #
#.......#....rwg.......
###...........SS@l.......
.##....?...#...KTS......#
.###.....#.##..SK......##
........##.####.########
##.#..####T# ..#
#......##K# #.##
#####...S.###.
#........... #####.......


You could see Pargi, a worm, 3 adders, a hobgoblin, a ball python, 2 kobolds, a
frilled lizard and a rat.

Vanquished Creatures
  2 adders (D:2)
  A ball python (D:2)
  An endoplasm (D:1)
  3 giant cockroaches
  2 goblins
  2 hobgoblins
  A quokka (D:2)
  2 bats (D:1)
  2 frilled lizards
  2 kobolds
  4 rats (D:1)
22 creatures vanquished.

Notes
Turn   | Place    | Note
-------+----------+-------------------------------------------
     0 | D:1      | zeram the Troll Summoner began the quest for the Orb.
     0 | D:1      | Reached XP level 1. HP: 16/16 MP: 1/1
    45 | D:1      | Reached skill level 3 in Summonings
   223 | D:1      | Reached XP level 2. HP: 24/24 MP: 2/2
   471 | D:1      | Identified a scroll of acquirement
   471 | D:1      | Acquired a book of the Wilderness
   476 | D:1      | Learned a level 2 spell: Call Imp
   720 | D:2      | Reached XP level 3. HP: 27/31 MP: 3/3
   883 | D:2      | Noticed Jessica
   915 | D:3      | Noticed Pargi
   944 | D:3      | Slain by Pargi

Illustrated notes

Levels and vault maps discovered:
D:1:      roderic_chinese_lattice_arrival, layout_basic
D:2:      layout_loops_ring, st_stairs_8, minivault_26, uniq_jessica
D:3:      layout_rooms, ebering_ghost_sewer_f, uniq_ijyb, uniq_pargi

Skill      XL: |  1 |
---------------+----+-----
Summonings     | 3 |  3.6
Maces & Flails | |  0.4
Dodging        | |  1.8
Stealth        | |  1.1
Spellcasting   | |  1.2

Action                   || total
-------------------------++-------
Melee: Unarmed           ||    18
       Whip              ||   127
       Punch             ||     1
 Cast: Call Imp          ||     2
       Summon Small Mamm ||     1
  Use: Scroll            ||     5
       Potion            ||     2
Armor: Robe              ||    87
Dodge: Dodged            ||   113
